 Dungeon Crawl Stone Soup version 0.17-a0-1634-g6672d08 (webtiles) character file.

38 Promi the Magician (level 3, 0/24 HPs)
             Began as a Human Wizard on Aug 4, 2015.
             Slain by a goblin (2 damage)
             ... led by Robin
             ... on level 1 of the Dungeon.
             The game lasted 00:07:47 (1731 turns).

Promi the Magician (Human Wizard)                   Turns: 1731, Time: 00:07:47

Health: 0/24       AC:  3    Str:  7    XL:     3   Next: 65%
Magic:  4/8        EV: 12    Int: 19    God:
Gold:   33         SH:  0    Dex: 11    Spells: 5 memorised, 0 levels left

rFire  . . .     SeeInvis .     l - +0 mace
rCold  . . .     Clarity  .     a - +0 robe
rNeg   . . .     SustAt   .     (no shield)
rPois  .         Gourm    .     b - +1 hat
rElec  .         Spirit   .     (no cloak)
rCorr  .         Warding  .     (no gloves)
rMut   .         Stasis   .     (no boots)
MR     .....                    (no amulet)
Stlth  ++........               (no ring)
                                (no ring)

@: not resistant to hostile enchantments, unstealthy
A: no striking features
a: no special abilities


You were on level 1 of the Dungeon.
You were not hungry.

You visited 1 branch of the dungeon, and saw 2 of its levels.

You collected 33 gold pieces.

Inventory:

Hand weapons
 l - a +0 mace (weapon)
Missiles
 i - 49 stones (quivered)
Armour
 a - a +0 robe (worn)
 b - a +1 hat (worn)
 f - a +1 helmet
Scrolls
 e - a scroll of enchant armour
 g - 2 scrolls of identify {unknown}
 h - 2 scrolls of recharging {unknown}
 m - a scroll of blinking {unknown}
Potions
 j - a potion of curing {unknown}
Books
 c - a book of Minor Magic

   Spells                             Type                      Level
   a - Magic Dart                     Conjuration                  1
   b - Blink                          Translocation                2
   c - Call Imp                       Summoning                    2
   d - Repel Missiles                 Charms/Air                   2
   e - Slow                           Hexes                        2
   f - Conjure Flame                  Conjuration/Fire             3
   g - Mephitic Cloud                 Conjuration/Poison/Air       3
Comestibles
 d - a bread ration
 k - a meat ration
 n - 3 chunks of flesh


   Skills:
 + Level 2.5 Dodging
 + Level 2.4 Stealth
 + Level 3.5 Spellcasting
 + Level 1.1 Conjurations
 + Level 1.3 Summonings
 - Level 1.0 Translocations


You couldn't memorise any spells.
You knew the following spells:

 Your Spells              Type           Power        Failure   Level  Hunger
a - Magic Dart            Conj           #...         12%         1    None
b - Blink                 Tloc           N/A          17%         2    ##.....
c - Call Imp              Summ           #.......     14%         2    ##.....
d - Repel Missiles        Chrm/Air       #.....       24%         2    ##.....
e - Slow                  Hex            #.......     24%         2    ##.....


Dungeon Overview and Level Annotations

Branches:
Dungeon (2/15)

Altars:


Message History

The sling bullet hits you.
There is a stone staircase leading up, spattered with blood here.
You see here a sling bullet.
The goblin hits you with a club. The goblin barely misses you.
You climb upwards.
There is a stone staircase leading down here.
Casting: Magic Dart
Confirm with . or Enter, or press ? or * to list all spells.
A metallic apparition takes form in the air.
The goblin closely misses you. The goblin hits you with a club.
The goblin misses you.
Casting: Call Imp
Confirm with . or Enter, or press ? or * to list all spells.
A beastly little devil appears in a puff of flame.
The goblin hits you with a club!
* * * LOW HITPOINT WARNING * * *
The goblin closely misses you. The goblin hits you.
* * * LOW HITPOINT WARNING * * *
The goblin hits you.
You die...

####.##.#.....##................
##.##....)..))................
#..####.....#.................
#.#####.....#.................
#....#..#..###......##....)...
#......##..####...#.######.###
#...)...)....g......#≈≈≈≈♣≈♣≈≈
###....#####...gg.....#≈.......P
#......# ####@5#....#≈......PP
#.###### ###....5.....#♣.......P
##.# ##...##........≈....<...
#..#######..##.........#♣.♣.....P
#........#.............#≈♣♣♣...PP
#####..................#≈.♣.....P
#......#...........#≈...♣.♣..
#..................#≈≈≈≈♣.♣≈≈
#..................######.###


You could see 3 goblins, a friendly iron imp and a friendly crimson imp.

Vanquished Creatures
  2 oozes
  3 giant cockroaches (D:1)
  3 hobgoblins (D:1)
  A bat (D:1)
  A giant newt (D:1)
  4 goblins (D:1)
  3 kobolds (D:1)
  5 rats (D:1)
22 creatures vanquished.

Vanquished Creatures (collateral kills)
  Robin (D:1)
  A goblin (D:1)
  2 hobgoblins (D:1)
  A giant gecko (D:1)
5 creatures vanquished.

Vanquished Creatures (others)
  5 toadstools (D:1)
5 creatures vanquished.

Grand Total: 32 creatures vanquished

Notes
Turn   | Place    | Note
--------------------------------------------------------------
     0 | D:1      | Promi the Human Wizard began the quest for the Orb.
     0 | D:1      | Reached XP level 1. HP: 13/13 MP: 4/4
   196 | D:1      | Reached XP level 2. HP: 5/19 MP: 1/6
   593 | D:1      | Learned a level 2 spell: Blink
   596 | D:1      | Learned a level 2 spell: Call Imp
   599 | D:1      | Learned a level 2 spell: Repel Missiles
  1173 | D:2      | Reached XP level 3. HP: 24/24 MP: 1/8
  1241 | D:2      | Noticed Robin
  1259 | D:1      | Killed Robin
  1592 | D:1      | Learned a level 2 spell: Slow
  1731 | D:1      | Slain by a goblin

Vault maps used:
D:1:      ldierk_walled_garden
D:2:      first_bread, serial_undead, serial_undead_a, serial_undead_d,
          serial_undead_e, serial_undead_c, serial_undead_b, serial_undead_d,
          fedhas_altar_2, uniq_robin

Action                   || total
-------------------------++-------
Melee: Unarmed           ||     9
       Mace              ||    13
 Cast: Magic Dart        ||    47
       Call Imp          ||     6
       Blink             ||     1
  Use: Scroll            ||     2
  Eat: Chunk             ||     3
